 Dungeon Crawl Stone Soup version 0.31-a0-339-gda1cbd555d (webtiles) character file.

Game seed: 11021412465616874581

532 croobank the Ducker (level 7, -2/60 HPs)
             Began as a Gnoll Monk on July 20, 2023.
             Was an Initiate of Gozag.
             Slain by an orc wizard
             ... wielding a +0 dagger
              (3 damage)
             ... on level 5 of the Dungeon.
             The game lasted 00:11:08 (3512 turns).

croobank the Ducker (Gnoll Monk)                    Turns: 3512, Time: 00:11:08

Health: -2/60      AC:  2    Str:  9 (11) XL:     7   Next: 24%
Magic:  19/19      EV: 15    Int: 10 (11) God:    Gozag
Gold:   304        SH:  0    Dex: 13 (14) Spells: 6/10 levels left

rFire   + . .        a - +0 short sword
rCold   + . .        (no shield)
rNeg    . . .        b - +0 robe
rPois   +            (no helmet)
rElec   +            (no cloak)
rCorr   +            (no gloves)
SInv    .            (no boots)
Will    .....        (no amulet)
Stlth   +            m - ring of poison resistance
HPRegen 0.30/turn    t - ring of magical power
MPRegen 0.16/turn

%: no passive effects
@: confused, brilliant, resistant
A: fangs 1, strong nose, distributed training
a: Renounce Religion, Potion Petition, Call Merchant, Bribe Branch


You were on level 5 of the Dungeon.
You worshipped Gozag.
Gozag was aware of your devotion.
You visited 1 branch of the dungeon, and saw 5 of its levels.

You collected 304 gold pieces.

Inventory:

Hand Weapons
 a - a +0 short sword (weapon)
 e - a +0 dagger
 o - a +0 war axe
 q - a +4 scythe
Missiles
 p - a curare-tipped dart (quivered)
Armour
 b - a +0 robe (worn)
 d - an orb of light
Jewellery
 m - a ring of poison resistance (left hand)
 t - a ring of magical power (right hand)
Scrolls
 g - 2 scrolls of blinking {unknown}
 h - a scroll of revelation {unknown}
 i - 2 scrolls of poison {unknown}
 j - 3 scrolls of identify {unknown}
 r - 3 scrolls of teleportation {unknown}
 s - a scroll of enchant weapon {unknown}
 u - a scroll of noise {unknown}
Potions
 n - a potion of degeneration


   Skills:
 + Level 7.0 Fighting
 + Level 7.0 Short Blades
 + Level 2.4 Long Blades
 + Level 2.4 Axes
 + Level 2.4 Maces & Flails
 + Level 2.4 Polearms
 + Level 2.4 Staves
 + Level 2.4 Ranged Weapons
 + Level 2.4 Throwing
 + Level 2.4 Armour
 + Level 7.0 Dodging
 + Level 2.4 Stealth
 + Level 2.4 Shields
 + Level 2.4 Unarmed Combat
 + Level 2.4 Spellcasting
 + Level 2.0 Conjurations
 + Level 2.0 Hexes
 + Level 2.0 Summonings
 + Level 2.0 Necromancy
 + Level 2.0 Translocations
 + Level 2.0 Transmutations
 + Level 2.0 Fire Magic
 + Level 2.0 Ice Magic
 + Level 2.0 Air Magic
 + Level 2.0 Earth Magic
 + Level 2.0 Poison Magic
 + Level 2.6 Invocations
 + Level 2.4 Evocations
 + Level 2.0 Shapeshifting


You had 6 spell levels left.
You knew the following spells:

 Your Spells              Type           Power      Damage    Failure   Level
a - Summon Small Mammal   Summ           28%        N/A       13%         1
c - Call Canine Familiar  Summ           7%         N/A       36%         3

Your spell library contained the following spells:

 Spells                   Type           Power      Damage    Failure   Level
 Portal Projectile        Hex/Tloc       14%        N/A       36%         3
 Summon Guardian Golem    Hex/Summ       7%         N/A       36%         3
 Leda's Liquefaction      Hex/Erth       3%         N/A       78%         4


Dungeon Overview and Level Annotations

Branches:
Dungeon (5/15)             Temple (0/1) D:4

Altars:
Gozag
Kikubaaqudgha
Okawaru
Xom

Shops:
D:2 :

Annotations:
D:4 1 runed translucent door, Crazy Yiuf


Innate Abilities, Weirdness & Mutations

You have very sharp teeth.
Your uncanny sense of smell can sniff out nearby items.
Your experience applies equally to all skills.


Message History

* * * LOW HITPOINT WARNING * * *
You feel better. Something hits you. The orc barely misses you.
Something hits you. The orc attacks as you move away!
The orc barely misses you.
You barely miss something. You closely miss something.
You hit the orc but do no damage. Your bite misses the orc.
The orc hits you with a +1 mace of protection.
Something hits you.
* * * LOW HITPOINT WARNING * * *
You hit the orc but do no damage.
Throw: 3 darts (curare)
Press: ? - help, Q - select action, (/) - cycle Shift-Dir - straight line You throw a curare-tipped dart.
Something hits you.
* * * LOW HITPOINT WARNING * * *
The orc misses you.
Throw: 2 darts (curare)
Press: ? - help, Q - select action, (/) - cycle Shift-Dir - straight line You throw a curare-tipped dart.
You hear some strange, mumbled words.
You are confused.
The orc barely misses you.
It was a potion of brilliance.
You feel clever all of a sudden.
You hear some strange, mumbled words.
A magic dart appears from out of thin air!
The magic dart hits you!
* * * LOW HITPOINT WARNING * * *
The orc barely misses you.
You bump into the rock wall.
Something hits you but does no damage. The orc closely misses you.
You bump into the rock wall.
Something completely misses you.
The orc hits you with a +1 mace of protection.
* * * LOW HITPOINT WARNING * * *
You are too confused!
Okay, then.
You miss something. Something hits you.
You die...
Your body crumbles into a pile of gold.

##########
#....#{o(# ####
#.#..#@#$#....#
#....#.#.#....#
#....#.$......##
#.#.####...>...#
#.#........$...#
#.######.##+##.#
#.######... +
#.....####...
####.....# ...#


You could see an orc.

Vanquished Creatures
  Sigmund (D:3)
  A scorpion (D:4)
  2 orc priests (D:4)
  2 hounds
  Jessica (D:3)
  An iguana (D:4)
  An orc wizard (D:3)
  2 adders
  A worm (D:2)
  2 dart slugs
  11 orcs
  5 endoplasms
  4 giant cockroaches
  8 goblins
  8 hobgoblins
  4 quokkas
  9 ball pythons
  6 bats
  A frilled lizard (D:2)
  7 kobolds
  5 rats
82 creatures vanquished.

Notes
Turn   | Place    | Note
-------+----------+-------------------------------------------
     0 | D:1      | croobank the Gnoll Monk began the quest for the Orb.
     0 | D:1      | Reached XP level 1. HP: 23/23 MP: 1/1
   161 | D:1      | Reached XP level 2. HP: 24/29 MP: 2/2
   778 | D:2      | Found an ancient bone altar of Kikubaaqudgha.
   785 | D:2      | Reached XP level 3. HP: 35/35 MP: 3/3
  1020 | D:2      | Reached skill level 1 in Invocations
  1020 | D:2      | Found Pyreo's Book Shop.
  1283 | D:3      | Noticed Jessica
  1297 | D:3      | Killed Jessica
  1298 | D:3      | Reached skill level 1 in Long Blades
  1298 | D:3      | Reached skill level 1 in Axes
  1298 | D:3      | Reached skill level 1 in Maces & Flails
  1298 | D:3      | Reached skill level 1 in Polearms
  1298 | D:3      | Reached skill level 1 in Staves
  1298 | D:3      | Reached skill level 1 in Ranged Weapons
  1298 | D:3      | Reached skill level 1 in Throwing
  1298 | D:3      | Reached skill level 1 in Armour
  1298 | D:3      | Reached skill level 1 in Stealth
  1298 | D:3      | Reached skill level 1 in Shields
  1298 | D:3      | Reached skill level 1 in Unarmed Combat
  1298 | D:3      | Reached skill level 1 in Spellcasting
  1298 | D:3      | Reached skill level 1 in Evocations
  1298 | D:3      | Reached XP level 4. HP: 30/41 MP: 5/5
  1654 | D:3      | Reached skill level 1 in Conjurations
  1654 | D:3      | Reached skill level 1 in Hexes
  1654 | D:3      | Reached skill level 1 in Summonings
  1654 | D:3      | Reached skill level 1 in Necromancy
  1654 | D:3      | Reached skill level 1 in Translocations
  1654 | D:3      | Reached skill level 1 in Transmutations
  1654 | D:3      | Reached skill level 1 in Fire Magic
  1654 | D:3      | Reached skill level 1 in Ice Magic
  1654 | D:3      | Reached skill level 1 in Air Magic
  1654 | D:3      | Reached skill level 1 in Earth Magic
  1654 | D:3      | Reached skill level 1 in Poison Magic
  1654 | D:3      | Reached skill level 1 in Shapeshifting
  1813 | D:3      | Noticed Sigmund
  1826 | D:3      | Killed Sigmund
  1827 | D:3      | Reached XP level 5. HP: 47/47 MP: 5/7
  1827 | D:3      | Reached XP level 6. HP: 53/53 MP: 5/8
  2159 | D:3      | Found an iron altar of Okawaru.
  2161 | D:3      | Found an opulent altar of Gozag.
  2161 | D:3      | Found an ancient bone altar of Kikubaaqudgha.
  2165 | D:3      | Found a shimmering altar of Xom.
  2376 | D:4      | Found a staircase to the Ecumenical Temple.
  2582 | D:3      | Became a worshipper of Gozag Ym Sagoz the Greedy
  2715 | D:4      | Found a runed translucent door.
  2716 | D:4      | Noticed Crazy Yiuf
  2775 | D:4      | Reached XP level 7. HP: 59/59 MP: 10/10
  3056 | D:4      | Learned a level 1 spell: Summon Small Mammal
  3121 | D:4      | Learned a level 3 spell: Call Canine Familiar
  3442 | D:5      | Entered Level 5 of the Dungeon
  3511 | D:5      | HP: 1/60 [orc/+1 mace of protection (6)]
  3512 | D:5      | Slain by an orc wizard

Illustrated notes

Levels and vault maps discovered:
D:1:      heliophobic_arrival_ceremonial_halls, layout_basic
D:2:      layout_rooms, serial_shops, shop_fountains, basic_altar,
          kennysheep_small_spiral, minmay_ruptured
D:3:      layout_loops_ring, minitemple, uniq_jessica, uniq_sigmund
D:4:      layout_cave_pools, minmay_temple_entry_waves, uniq_crazy_yiuf_cottage
D:5:      layout_basic, st_stairs_8

Skill      XL: |  1  2  3  4  5  6  7 |
---------------+----------------------+-----
Invocations    | 1 2 |  2.6
Long Blades    | 1 2 |  2.4
Axes           | 1 2 |  2.4
Maces & Flails | 1 2 |  2.4
Polearms       | 1 2 |  2.4
Staves         | 1 2 |  2.4
Ranged Weapons | 1 2 |  2.4
Throwing       | 1 2 |  2.4
Armour         | 1 2 |  2.4
Stealth        | 1 2 |  2.4
Shields        | 1 2 |  2.4
Unarmed Combat | 1 2 |  2.4
Spellcasting   | 1 2 |  2.4
Evocations     | 1 2 |  2.4
Conjurations   | 1 2 |  2.0
Hexes          | 1 2 |  2.0
Summonings     | 1 2 |  2.0
Necromancy     | 1 2 |  2.0
Translocations | 1 2 |  2.0
Transmutations | 1 2 |  2.0
Fire Magic     | 1 2 |  2.0
Ice Magic      | 1 2 |  2.0
Air Magic      | 1 2 |  2.0
Earth Magic    | 1 2 |  2.0
Poison Magic   | 1 2 |  2.0
Shapeshifting  | 1 2 |  2.0
Fighting       | 7 |  7.0
Short Blades   | 7 |  7.0
Dodging        | 7 |  7.0

Action                     |  1- 3 |  4- 6 |  7- 9 || total
---------------------------+-------+-------+-------++-------
  Melee: Short sword       |   144 |   195 |    93 ||   432
         Bite              |    12 |    13 |    14 ||    39
         Punch             |     1 |     6 |     3 ||    10
  Throw: Dart              |       |     4 |     7 ||    11
   Cast: Summon Small Mamm |       |       |     2 ||     2
    Use: Potion            |       |       |     7 ||     7
   Stab: Sleeping          |     1 |     4 |     2 ||     7
         Distracted        |       |       |     2 ||     2
 Armour: Robe              |    10 |    12 |     6 ||    28
  Dodge: Dodged            |    64 |   127 |    72 ||   263

Table legend: (Time is in decaauts)
 A = Elapsed time spent in this place.
 B = Non-inter-level travel time spent in this place.
 C = Inter-level travel time spent in this place.
 D = Time resting spent in this place.
 E = Time spent auto-exploring this place.
 F = Levels seen in this place.
 G = Mean time per level.
                   A        B        C        D        E       F      G
               +--------+--------+--------+--------+--------+-----+--------+
         Total |   3364 |   3158 |    206 |    400 |   1878 |   5 |  672.8 |
       Dungeon |   3364 |   3158 |    206 |    400 |   1878 |   5 |  672.8 |
               +--------+--------+--------+--------+--------+-----+--------+

Top non-repeatable levels by time:
     D:3: 1149 daAuts
     D:4: 931 daAuts
     D:1: 615 daAuts
     D:2: 610 daAuts
     D:5: 58 daAuts
